Map: Cerulean Fall LE

Players

DnS

  • Race: Protoss Protoss
  • League: Grandmaster
  • Spawn Location: 7:00

HeroMarine - Winner!

  • Race: Terran Terran
  • League: Master
  • Spawn Location: 1:00

Event: IEM Season 13 - Katowice Server Qualifiers Europe

VOD

Have the link to the VOD?

Description

Time

  • Played on: Jan. 8, 2019, 9:52 a.m.
  • Length: 12:20

All games in this series

Show
View Real Time Build Order
Export as new Build Order

DnS Protoss 

Build Orders: 1 Gate Expand, Oracle Opening 

Get SALT Encoding   

  12  0:00  Probe  
  13  0:13  Probe  
  14  0:18  Pylon  
  14  0:24  Probe  
  15  0:32  Probe  
  15  0:38  Gateway  
  15  0:40  Probe  
  16  0:47  Assimilator  
  17  0:51  Probe  
  18  1:03  Probe  
  19  1:15  Probe  
  20  1:26  Cybernetics Core  
  20  1:35  Nexus  
  20  1:38  Probe  
  21  1:46  Pylon  
  21  1:50  Probe  
  21  1:53  Assimilator  
  22  1:55  Adept  
  22  2:02  Probe  
  25  2:15  Probe, Adept  
  26  2:19  Stargate  
  26  2:28  Probe  
  29  2:34  Warp Gate  
  29  2:40  Probe  
  30  2:46  Adept  
  30  2:50  Probe  
  33  2:56  Oracle  
  33  3:00  Probe  
  33  3:03  Probe  
  35  3:12  Probe  
  39  3:21  Probe  
  39  3:24  Probe, Pylon  
  39  3:25  Gateway x2  
  39  3:26  Oracle  
  41  3:33  Probe  
  42  3:36  Probe  
  46  3:45  Probe  
  47  3:48  Probe, Pylon  
  48  3:58  Probe  
  48  4:00  Probe  
  50  4:07  Nexus  
  50  4:10  Probe  
  50  4:12  Phoenix  
  50  4:13  Probe  
  54  4:18  Pylon  
  54  4:22  Probe  
  55  4:25  Probe  
  55  4:27  Assimilator  
  55  4:29  Phoenix, Assimilator  
  56  4:34  Probe  
  56  4:37  Probe  
  60  4:50  Probe, Adept  
  60  4:51  Adept x2  
  67  4:53  Pylon  
  67  4:55  Pylon  
  67  4:56  Probe  
  68  5:02  Probe  
  69  5:08  Probe, Twilight Council  
  69  5:09  Forge  
  69  5:10  Protoss Ground Armor Level 1  
  70  5:14  Charge, Probe  
  70  5:20  Probe x2  
  73  5:22  Sentry x2  
  73  5:26  Probe, Pylon  
  78  5:36  Probe  
  78  5:37  Probe  
  80  5:44  Gateway  
  78  5:51  Gateway  
  78  5:52  Gateway  
  78  5:54  Gateway  
  78  5:55  Gateway  
  77  6:01  Zealot x3  
  77  6:02  Probe  
  77  6:03  Probe  
  85  6:05  Probe  
  85  6:08  Phoenix  
  88  6:18  Probe x2  
  88  6:19  Probe, Pylon  
  91  6:28  Protoss Ground Armor Level 2  
  91  6:29  Zealot  
  91  6:30  Zealot x2  
  97  6:33  Phoenix  
  97  6:34  Probe x3, Pylon  
  102  6:47  Pylon  
  102  6:49  Sentry, Zealot x5  
  102  6:52  Zealot  
  116  6:54  Zealot  
  116  6:59  Phoenix  
  120  7:04  Pylon  
  120  7:18  Zealot x6  
  132  7:23  Phoenix  
  132  7:24  Zealot x2  
  136  7:32  Pylon x2  
  138  7:39  Zealot  
  138  7:41  Pylon  
  140  7:53  Zealot x2  
  140  7:54  Zealot x5  
  140  7:56  Phoenix  
  152  8:01  Pylon x2  
  149  8:15  Zealot x8  
  162  8:27  Robotics Facility  
  162  8:29  Templar Archives  
  162  8:33  Pylon  
  162  8:35  Protoss Ground Weapons Level 1  
  148  8:57  Psionic Storm  
  134  9:06  Warp Prism, Zealot x8  
  108  9:26  High Templar x2  
  108  9:27  High Templar x2  
  108  9:29  High Templar x3  
  108  9:30  Zealot  
  108  9:31  Probe x3  
  126  9:33  Assimilator  
  126  9:36  Observer  
  126  9:37  Assimilator  
  128  9:53  Blink  
  128  9:55  Sentry  
  128  9:58  Nexus, Immortal  
  134  10:01  Stalker x2  
  134  10:02  Zealot x5  
  134  10:05  Pylon  
  148  10:17  Pylon  
  148  10:19  Zealot  
  148  10:35  Zealot x3  
  148  10:36  Zealot x4  
  144  10:55  Zealot  
  135  10:58  Zealot  
  135  10:59  Zealot x6  
  112  11:20  Gateway  
  112  11:21  Gateway  
  112  11:24  Gateway  
  95  11:27  Gateway  
  57  11:48  Zealot x5  
  59  12:08  Archon  
  37  12:15  Zealot x2  
Show
View Real Time Build Order
Export as new Build Order

HeroMarine Terran - Winner!

Build Orders:  

Get SALT Encoding   

  12  0:00  SCV  
  13  0:12  SCV  
  14  0:17  Supply Depot  
  14  0:25  SCV  
  15  0:29  Refinery  
  15  0:39  SCV  
  16  0:45  Barracks  
  16  0:51  SCV  
  17  1:03  SCV  
  18  1:15  SCV  
  19  1:27  SCV  
  20  1:35  Reaper  
  20  1:39  Orbital Command  
  21  1:49  Command Center  
  21  1:59  Factory  
  21  2:04  SCV  
  21  2:07  Barracks Reactor  
  22  2:15  Supply Depot  
  22  2:16  SCV  
  22  2:20  Refinery  
  24  2:37  SCV  
  24  2:43  Hellion  
  24  2:44  Marine x2, Starport  
  26  2:49  SCV  
  28  2:56  Supply Depot  
  28  3:02  Marine x2, SCV  
  31  3:14  SCV  
  31  3:18  Widow Mine  
  33  3:22  Viking  
  37  3:30  Orbital Command  
  37  3:33  SCV  
  36  3:36  Marine  
  36  3:38  Marine  
  38  3:41  Factory Tech Lab  
  38  3:45  SCV  
  39  3:54  Marine  
  40  3:56  Marine  
  40  3:57  SCV  
  40  3:58  SCV  
  43  4:05  Barracks  
  43  4:07  Raven  
  45  4:10  Factory Tech Lab, SCV  
  45  4:13  SCV  
  47  4:18  Marine x2  
  47  4:22  Supply Depot  
  49  4:24  SCV  
  49  4:25  SCV  
  49  4:30  Siege Tank  
  54  4:32  Refinery  
  54  4:37  Barracks  
  54  4:44  Marine x2, SCV x2  
  58  4:55  Engineering Bay  
  58  4:56  SCV x2  
  60  5:02  Marine x2, Supply Depot  
  60  5:05  Stimpack  
  62  5:18  Starport Reactor  
  62  5:22  Terran Infantry Weapons Level 1  
  62  5:23  Supply Depot  
  62  5:24  Marine x2, Marauder, SCV x2  
  62  5:27  Factory Reactor  
  62  5:28  Supply Depot  
  68  5:31  Combat Shield  
  68  5:33  Marauder  
  70  5:43  Supply Depot  
  70  5:44  Marine x2  
  70  5:45  SCV x2  
  74  5:50  Marauder  
  74  5:54  Marauder  
  76  5:57  SCV, Medivac x2  
  76  5:58  SCV  
  76  6:02  Marine x2  
  84  6:06  Supply Depot  
  84  6:08  Widow Mine  
  84  6:09  Widow Mine, SCV  
  84  6:10  SCV  
  90  6:14  Marauder  
  90  6:15  Marauder  
  94  6:27  Marine x2  
  94  6:28  Supply Depot x2  
  96  6:41  Medivac x2  
  96  6:43  Command Center  
  96  6:44  Marauder  
  102  6:50  Marauder, Supply Depot  
  102  6:51  Supply Depot  
  102  6:52  Marine x2  
  102  6:53  Concussive Shells  
  106  6:58  Widow Mine  
  106  6:59  Widow Mine  
  106  7:01  SCV x2  
  114  7:12  Armory  
  112  7:16  SCV x2  
  112  7:18  Marine x3, Refinery, Engineering Bay  
  112  7:19  Marine  
  117  7:28  SCV x2  
  117  7:29  Missile Turret  
  117  7:35  Marine  
  117  7:36  Marine x2  
  122  7:40  SCV x2, Terran Infantry Armor Level 1  
  122  7:44  Marine  
  122  7:48  Barracks  
  122  7:51  Barracks  
  123  7:53  Marine x2, SCV x2  
  123  7:54  Marine  
  126  7:59  Ghost Academy  
  126  8:01  Terran Infantry Weapons Level 2  
  126  8:04  Marine  
  126  8:05  SCV x2  
  129  8:12  Marine x2  
  129  8:17  SCV x2  
  132  8:22  Orbital Command  
  132  8:26  Widow Mine  
  132  8:27  Widow Mine  
  137  8:30  Marine, Ghost x2  
  140  8:37  Barracks Tech Lab  
  140  8:38  Barracks Tech Lab  
  140  8:39  Marine  
  141  8:42  SCV  
  141  8:43  SCV  
  141  8:48  Marine, Widow Mine x2  
  132  8:56  Marine x2  
  132  9:00  Marauder x2  
  127  9:10  Marine x2  
  127  9:11  SCV x2  
  127  9:14  Marine, Marauder  
  122  9:21  Marine x2, Medivac x2  
  127  9:26  Widow Mine x2  
  127  9:27  Marine  
  127  9:28  Marine  
  132  9:32  Ghost  
  132  9:33  SCV x3  
  132  9:35  Ghost, Supply Depot  
  132  9:38  Marine, Ghost  
  142  9:45  Marine  
  142  9:47  Widow Mine x2  
  142  9:49  Marine  
  148  9:55  Supply Depot  
  148  9:56  Medivac x2  
  148  9:57  Marauder  
  148  9:59  Refinery, Supply Depot  
  154  10:01  Marauder  
  154  10:03  Marine  
  154  10:04  Marauder  
  159  10:07  Marauder  
  159  10:09  Marine  
  159  10:11  Widow Mine  
  164  10:16  Widow Mine  
  164  10:18  Marauder  
  164  10:20  Supply Depot  
  164  10:21  Marine  
  168  10:22  Marauder  
  168  10:26  Marauder  
  173  10:29  Marauder  
  173  10:33  Marine  
  176  10:39  Marine  
  176  10:40  Marauder  
  171  10:44  Marauder  
  171  10:47  Marauder  
  165  10:50  Marauder  
  165  10:51  Marine  
  165  10:52  Orbital Command  
  165  10:57  Marine  
  166  11:01  Marauder  
  166  11:05  Marauder  
  166  11:08  Marine  
  166  11:09  Marine  
  170  11:14  Marine, Marauder  
  152  11:22  Marauder  
  149  11:25  Supply Depot  
  149  11:26  Marine x3, Supply Depot x2  
  149  11:32  Marine  
  139  11:43  Marauder  
  139  11:44  Marine x3, Marauder  
  138  11:50  Marine, Widow Mine x2  
  144  12:02  Marine  

Tags
 
Add a new tag
Caveats
  • Supply blocks, unpowered buildings, or Contaminate may cause inaccurate times.
  • Supply counts are checked every 10 seconds.